 Dungeon Crawl Stone Soup version 0.26-a0-1222-g14533b3512 (webtiles) character file.

Game seed: 16601304975047449195

28 vurker the Sneak (level 3, -5/25 HPs)
             Began as a Gnoll Enchanter on Dec 31, 2020.
             Slain by a centaur (9 damage)
             ... on level 2 of the Dungeon.
             The game lasted 00:00:55 (1209 turns).

vurker the Sneak (Gnoll Enchanter)                  Turns: 1209, Time: 00:00:55

Health: -5/25      AC:  2    Str: 10    XL:     3   Next: 12%
Magic:  9/9        EV: 14    Int: 18    God:
Gold:   70         SH:  0    Dex: 15    Spells: 11/12 levels left

rFire    . . .     SeeInvis .   i - +3 spear
rCold    . . .     Faith    .   (no shield)
rNeg     . . .     Spirit   .   b - +0 robe
rPois    .         Reflect  .   (no helmet)
rElec    .         Harm     .   (no cloak)
rCorr    .         Rampage  .   (no gloves)
Will     .....                  (no boots)
Stlth    +++.......             (no amulet)
HPRegen  0.08/turn              (no ring)
MPRegen  0.11/turn              (no ring)

@: no status effects
A: distributed training, fangs 1, strong nose
a: no special abilities


You were on level 2 of the Dungeon.
You visited 1 branch of the dungeon, and saw 2 of its levels.

You collected 70 gold pieces.

Inventory:

Hand Weapons
 i - a +3 spear (weapon)
   (You found it on level 1 of the Dungeon)
Armour
 b - a +0 robe (worn)
Scrolls
 a - a scroll of teleportation {unknown}
 e - a scroll of enchant armour {unknown}
 h - a scroll of enchant weapon {unknown}
Potions
 c - a potion of mutation {unknown}
 d - 2 potions of lignification {unknown}
 f - a potion of curing {unknown}
 g - a potion of might {unknown}


   Skills:
 + Level 0.6 Fighting
 + Level 2.5 Short Blades
 + Level 0.6 Long Blades
 + Level 0.6 Axes
 + Level 0.6 Maces & Flails
 + Level 0.6 Polearms
 + Level 0.6 Staves
 + Level 0.6 Slings
 + Level 0.6 Bows
 + Level 0.6 Crossbows
 + Level 0.6 Throwing
 + Level 0.6 Armour
 + Level 4.5 Dodging
 + Level 5.9 Stealth
 + Level 0.6 Shields
 + Level 0.6 Unarmed Combat
 + Level 5.0 Spellcasting
 + Level 0.4 Conjurations
 + Level 5.4 Hexes
 + Level 0.4 Summonings
 + Level 0.4 Necromancy
 + Level 0.4 Translocations
 + Level 0.4 Transmutations
 + Level 0.4 Fire Magic
 + Level 0.4 Ice Magic
 + Level 0.4 Air Magic
 + Level 0.4 Earth Magic
 + Level 0.4 Poison Magic
 + Level 0.8 Invocations
 + Level 0.6 Evocations


You had 11 spell levels left.
You knew the following spells:

 Your Spells              Type           Power        Failure   Level
a - Corona                Hex            25%          1%          1

Your spell library contained the following spells:

 Spells                   Type           Power        Failure   Level
 Confusing Touch          Hex            23%          4%          3
 Tukima's Dance           Hex            23%          4%          3
 Ensorcelled Hibernation  Hex/Ice        30%          6%          2
 Dazzling Flash           Conj/Hex       30%          12%         3


Dungeon Overview and Level Annotations

Branches:
Dungeon (2/15)

Altars:


Innate Abilities, Weirdness & Mutations

Your experience applies equally to all skills.
You have very sharp teeth.
Your uncanny sense of smell can sniff out nearby items.


Message History

You see here a giant cockroach corpse.
There is an open gate here.
There is an open gate here.
Done exploring.
Done exploring.
Done exploring.
Done exploring.
There is a stone staircase leading down here.
You climb downwards.
There is a stone staircase leading up here.
There is a stone staircase leading up here.
Found 8 gold pieces.
Found 28 arrows.
You now have 70 gold pieces (gained 8).
d - 2 coppery potions (gained 1)
You see here 28 arrows.
Found 13 gold pieces.
Search for what [? for help]? ego Can't find anything matching that.
A centaur comes into view.
A centaur is nearby!
A centaur is nearby!
Found 5 gold pieces.
The centaur shouts!
The centaur wields a +0 shortbow.
The centaur shoots an arrow.
The arrow closely misses you.
A kobold comes into view.
Found a ring mail.
The centaur unwields a +0 shortbow.
The centaur misses you. The centaur hits you.
You barely miss the centaur. The centaur hits you.
You hit the centaur but do no damage. The centaur barely misses you. x2
You hit the centaur. The centaur completely misses you. The kobold hits you.
You hit the centaur. You bite the centaur, but do no damage.
The centaur closely misses you. The centaur barely misses you.
The kobold closely misses you.
You hit the centaur. The centaur hits you. The kobold closely misses you.
You hit the centaur. The centaur barely misses you.
The centaur closely misses you. The kobold misses you.
You hit the centaur. The centaur misses you. The kobold barely misses you.
The centaur hits you!
* * * LOW HITPOINT WARNING * * *
You hit the centaur. The centaur barely misses you.
The kobold closely misses you.
You barely miss the centaur. You bite the centaur. The centaur misses you.
The kobold hits you.
* * * LOW HITPOINT WARNING * * *
The centaur barely misses you.
You hit the centaur. The centaur hits you!
You die...

..... ## .##...... #.
.......... .## ..
.......... ..# #.#
.[........ #.# ##..
..........##.# #..##
......c##..#.#######.##.
......K@##.........#....
......#.....#####.......
.#......$(...# #.(...##
####..####..# #.....#
$..#. ....# ##...##
#...## ##.........# #..
....##...# .. ..........
...........∆


You could see a centaur and a kobold.

Vanquished Creatures
  A dart slug (D:1)
  3 bats (D:1)
  5 giant cockroaches (D:1)
  3 goblins (D:1)
  6 hobgoblins (D:1)
  A frilled lizard (D:1)
  A kobold (D:1)
  2 rats (D:1)
22 creatures vanquished.

Notes
Turn   | Place    | Note
-------+----------+-------------------------------------------
     0 | D:1      | vurker the Gnoll Enchanter began the quest for the Orb.
     0 | D:1      | Reached XP level 1. HP: 13/13 MP: 6/6
   171 | D:1      | Reached XP level 2. HP: 17/19 MP: 7/7
   785 | D:1      | Reached XP level 3. HP: 25/25 MP: 9/9
   795 | D:1      | Reached skill level 5 in Spellcasting
  1196 | D:2      | Noticed a centaur
  1209 | D:2      | Slain by a centaur

Illustrated notes

Levels and vault maps discovered:
D:1:      kennysheep_arrival_forest, layout_loops_ring
D:2:      layout_rooms

Skill      XL: |  1  2  3 |
---------------+----------+-----
Spellcasting   | 5 |  5.0
Fighting       | |  0.6
Short Blades   | |  2.5
Long Blades    | |  0.6
Axes           | |  0.6
Maces & Flails | |  0.6
Polearms       | |  0.6
Staves         | |  0.6
Slings         | |  0.6
Bows           | |  0.6
Crossbows      | |  0.6
Throwing       | |  0.6
Armour         | |  0.6
Dodging        | |  4.5
Stealth        | |  5.9
Shields        | |  0.6
Unarmed Combat | |  0.6
Conjurations   | |  0.4
Hexes          | |  5.4
Summonings     | |  0.4
Necromancy     | |  0.4
Translocations | |  0.4
Transmutations | |  0.4
Fire Magic     | |  0.4
Ice Magic      | |  0.4
Air Magic      | |  0.4
Earth Magic    | |  0.4
Poison Magic   | |  0.4
Invocations    | |  0.8
Evocations     | |  0.6

Action                   || total
-------------------------++-------
Melee: Dagger            ||    71
       Bite              ||     6
       Punch             ||     1
       Spear             ||    14
 Stab: Sleeping          ||     6
Armor: Robe              ||    11
Dodge: Dodged            ||    52

Table legend: (Time is in decaauts)
 A = Elapsed time spent in this place.
 B = Non-inter-level travel time spent in this place.
 C = Inter-level travel time spent in this place.
 D = Time resting spent in this place.
 E = Time spent auto-exploring this place.
 F = Levels seen in this place.
 G = Mean time per level.
                   A        B        C        D        E       F      G
               +--------+--------+--------+--------+--------+-----+--------+
         Total |   1200 |   1188 |     12 |      0 |   1007 |   2 |  600.0 |
       Dungeon |   1200 |   1188 |     12 |      0 |   1007 |   2 |  600.0 |
               +--------+--------+--------+--------+--------+-----+--------+

Top non-repeatable levels by time:
     D:1: 1161 daAuts
     D:2: 39 daAuts
